AoeStats
← FloSnake27

Arena

509936672Analyzed
2v2 RM · 5d ago on Sep 28, 2026· 45m 47s· 4 players
Game mode
Random Map
Map size
Medium (4 player)
Population
200
Speed
Normal
Resources
Standard
Victory
Conquest
Starting age
Dark Age
Ending age
Imperial Age
RankedLock teamsTeams togetherTeam positionsShared explorationLock speedFull tech treeHidden civsTurbo modeCheats
Victory
Defeat
🇲🇽 Japanese · Mexico
799
+15
🇲🇽 Bohemians · Mexico
770
+16
🇫🇷 Portuguese · France
797
-16
🇹🇷 Burgundians · Türkiye
758
-15
Eärendil
5:33 Loom
10:28 Feudal Age
10:54 Double-Bit Axe
10:59 Horse Collar
18:48 Castle Age
18:24 Wheelbarrow
19:51 Bow Saw
19:43 Heavy Plow
21:13 Town Watch
22:18 Fletching
22:55 Elite Skirmisher
24:35 Bodkin Arrow
24:42 Padded Archer Armor
24:54 Forging
29:00 Imperial Age
27:40 Murder Holes
30:41 Chemistry
30:38 Pikeman
31:24 Scale Mail Armor
33:13 Conscription
36:25 Halberdier
42:44 Iron Casting
42:25 Chain Mail Armor
46:15 Blast Furnace
45:46 Plate Mail Armor
Shonedrache
11:39 Feudal Age
12:06 Double-Bit Axe
12:40 Gold Mining
17:55 Castle Age
17:24 Wheelbarrow
16:57 Horse Collar
17:34 Stone Mining
19:07 Bow Saw
19:01 Heavy Plow
20:21 Fervor
21:24 Gold Shaft Mining
22:04 Treadmill Crane
23:29 Murder Holes
24:20 Forging
25:42 Coinage
25:07 Fletching
26:31 Iron Casting
26:51 Ballistics
26:29 Bodkin Arrow
30:59 Imperial Age
29:45 Hand Cart
29:16 Loom
29:36 Scale Mail Armor
30:03 Masonry
29:56 Caravan
30:28 Padded Archer Armor
31:20 Chain Mail Armor
32:08 Conscription
32:54 Chemistry
33:13 Banking
32:56 Squires
33:06 Pikeman
34:02 Arson
34:12 Gambesons
34:42 Man-at-Arms
38:14 Hoardings
38:47 Elite Samurai
42:21 Bracer
43:31 Plate Mail Armor
44:01 Blast Furnace
45:41 Kataparuto
46:05 Leather Archer Armor
FloSnake27
1:40 Loom
10:54 Feudal Age
11:20 Double-Bit Axe
11:26 Gold Mining
11:53 Town Watch
12:36 Horse Collar
17:03 Wheelbarrow
19:38 Castle Age
20:11 Forging
20:10 Scale Barding Armor
20:40 Husbandry
20:51 Bloodlines
20:54 Town Patrol
22:10 Bow Saw
24:31 Gambesons
25:01 Fervor
29:01 Scale Mail Armor
32:14 Hand Cart
34:06 Chain Barding Armor
34:03 Chain Mail Armor
34:46 Masonry
37:11 Imperial Age
36:18 Iron Casting
39:38 Two-Man Saw
38:39 Heavy Plow
40:33 Chemistry
39:48 Fortified Wall
40:11 Architecture
40:40 Plate Barding Armor
40:14 Murder Holes
39:53 Cavalier
41:01 Sappers
42:34 Crop Rotation
44:11 Coinage
43:54 Fortified Wall
Voluntary
4:05 Loom
11:38 Feudal Age
12:06 Double-Bit Axe
12:03 Horse Collar
12:34 Town Watch
14:21 Wheelbarrow
19:45 Castle Age
21:35 Squires
20:56 Pikeman
21:56 Heavy Plow
22:20 Bow Saw
24:28 Town Patrol
24:46 Hand Cart
27:58 Husbandry
29:07 Two-Man Saw
28:51 Crop Rotation
29:01 Gold Mining
29:02 Stone Mining
30:14 Fortified Wall
31:12 Forging
31:07 Scale Barding Armor
31:31 Burgundian Vineyards
32:16 Gold Shaft Mining
32:18 Stone Shaft Mining
31:40 Cavalier
33:16 Chain Barding Armor
34:00 Iron Casting
35:01 Ballistics
34:47 Scale Mail Armor
35:39 Caravan
36:10 Coinage
36:16 Coinage
39:30 Imperial Age
36:44 Treadmill Crane
37:14 Masonry
37:00 Murder Holes
39:31 Paladin
41:15 Blast Furnace
40:51 Plate Barding Armor
Connection lost

Rejoining the realm…

Still unreachable

The connection could not be restored.

Session expired

The server has moved on; the page needs a fresh start.